 Dungeon Crawl Stone Soup version bcrawl-1.27.1d (webtiles) character file.

Game seed: 7524413102222295235

40974 OutcastIllithid the Sneak (level 1, -1/11 HPs)
             Began as an Octopode Wizard on July 15, 2020.
             Slain by a jackal (3 damage)
             ... on level 1 of the Dungeon.
             The game lasted 00:00:17 (158 turns).

OutcastIllithid the Sneak (Octopode Wizard)          Turns: 158, Time: 00:00:17

Health: -1/11      AC:  1    Str:  6    XL:     1   Next: 20%
Magic:  4/4        EV: 13    Int: 20    God:
Gold:   15         SH:  0    Dex: 10    Spells: 5/6 levels left

rFire    . . .     SeeInvis .   a - +0 staff
rCold    . . .     Gourm    .   (no shield)
rNeg     . . .     Faith    .   b - +0 hat
rPois    .         Spirit   .   (cloak restricted)
rElec    .         Reflect  .   (no amulet)
rCorr    .         Harm     .   (no ring)
MR       .....                  (no ring)
Stlth    +++.......             (no ring)
HPRegen  0.03/turn              (no ring)
MPRegen  0.09/turn              (no ring)
                                (no ring)
                                (no ring)
                                (no ring)

@: no status effects
A: almost no armour, stealthy swim, amphibious, 8 rings, constrict 8, camouflage
1, gelatinous body 1
a: no special abilities


You were on level 1 of the Dungeon.
You were not hungry.

You visited 1 branch of the dungeon, and saw 1 of its levels.

You collected 15 gold pieces.

Inventory:

Hand Weapons
 a - a +0 staff (weapon)
Armour
 b - a +0 hat (worn)
Scrolls
 c - a scroll of enchant weapon {unknown}
Potions
 d - a potion of brilliance
Comestibles
 e - a ration {!d}


   Skills:
 - Level 2.0 Dodging
 - Level 3.0 Stealth
 - Level 3.0 Spellcasting
 + Level 1.2 Conjurations
   Level 1.0 Summonings
   Level 1.0 Translocations


You had 5 spell levels left.
You knew the following spells:

 Your Spells              Type           Power        Failure   Level  Hunger
a - Magic Dart            Conj           #...         9%          1    None

Your spell library contained the following spells:

 Spells                   Type           Power        Failure   Level  Hunger
 Blink                    Tloc           N/A          14%         2    #......
 Call Imp                 Summ           #.....       14%         2    #......
 Conjure Flame            Conj/Fire      #.......     32%         3    ####...
 Mephitic Cloud           Conj/Pois/Air  #.......     36%         3    ####...
 Spider Form              Tmut/Pois      #..          38%         3    ####...


Dungeon Overview and Level Annotations

Branches:
Dungeon (1/12)

Altars:


Innate Abilities, Weirdness & Mutations

You cannot wear most types of armour.
You are very stealthy in the water. (Stealth+)
You are amphibious.
You can wear up to eight rings at the same time.
You can use your tentacles to constrict eight enemies at once.
Your skin changes colour to match your surroundings (Stealth+).
Your rubbery body absorbs attacks. (AC +1, EV +1)


Message History

You hear a shout!
The bat misses you. The jackal bites you.
You take 2 damage, and have 8/11 hp.
You barely miss the jackal. You constrict the jackal.
The bat closely misses you. The jackal misses you.
The kobold throws a stone.
The stone hits you. The jackal bites you.
* * * LOW HITPOINT WARNING * * *
The jackal bites you.
* * * LOW HITPOINT WARNING * * *
A kobold comes into view. It is wielding a -3 club.
You take 5 damage, and have 3/11 hp.
MASSIVE DAMAGE!!
No path to travel!
You release your grip on the jackal.
The bat barely misses you. The jackal bites you.
* * * LOW HITPOINT WARNING * * *
The jackal barely misses you.
You take 1 damage, and have 2/11 hp.
The jackal bites you.
You die...

............#.#
..........#...#.
........K.......
#............K..
...............
...........#
.........### ...##...hh#
. #####@#######+#
##.........##
##...#####...##
##.#.#.###.#.#.##
##.##.##.#.##.##.##
##.###.###.###.###.##
##.####.##.#.##.####.##.
+.........###.........+.
#..####.### ###.####..#.


You could see 2 jackals and a kobold.

Levels and vault maps discovered:
D:1:      roderic_octagonal_star, layout_basic

Notes
Turn   | Place    | Note
-------+----------+-------------------------------------------
     0 | D:1      | OutcastIllithid the Octopode Wizard began the quest for the
                  | Orb.
     0 | D:1      | Reached XP level 1. HP: 11/11 MP: 4/4
    62 | D:1      | Identified a +0 club
   153 | D:1      | Identified a +0 club
   155 | D:1      | Identified a cursed -3 club
   157 | D:1      | HP: 2/11 [jackal (1)]
   158 | D:1      | Slain by a jackal

Table legend:
 A = Turns spent in this place as a percentage of turns spent in the entire game.
 B = Non-inter-level travel turns spent in this place as a percentage of non-inter-level travel turns spent in the entire game.
 C = Inter-level travel turns spent in this place as a percentage of turns spent in this place.
 D = Turns resting spent in this place as a percentage of non-inter-level travel turns spent in this place.
 E = Turns spent auto-exploring this place as a percentage of non-inter-level travel turns spent in this place.
 F = Non-inter-level travel turns spent in this place divided by the number of levels of this place that you've seen.
                   A       B       C       D       E      F
               +-------+-------+-------+-------+-------+----------------------
         Total | 100.0 | 100.0 |   0.0 |   0.0 |  89.9 | 158.0
       Dungeon | 100.0 | 100.0 |   0.0 |   0.0 |  89.9 | 158.0
               +-------+-------+-------+-------+-------+----------------------

Table legend:
 A = Kills in this place as a percentage of kills in entire the game.
 B = Kills by you in this place as a percentage of kills by you in the entire game.
 C = Kills by friends in this place as a percentage of kills by friends in the entire game.
 D = Other kills in this place as a percentage of other kills in the entire game.
 E = Experience gained in this place as a percentage of experience gained in the entire game.
 F = Experience gained in this place divided by the number of levels of this place that you have seen.
                   A       B       C       D       E      F
               +-------+-------+-------+-------+-------+----------------------
         Total | 100.0 | 100.0 |   N/A |   N/A | 100.0 |   2.0
       Dungeon | 100.0 | 100.0 |   N/A |   N/A | 100.0 |   2.0
               +-------+-------+-------+-------+-------+----------------------

Action                   || total
-------------------------++-------
Melee: Staff             ||     2
       Constrict         ||     1
 Cast: Magic Dart        ||     2
Armor: Skin              ||     1
Dodge: Dodged            ||     8

Vanquished Creatures
  A kobold (D:1)
1 creature vanquished.
